 Dungeon Crawl Stone Soup version 0.30-a0-1-g69b7b797bf (webtiles) character file.

Game seed: 6710064123632393877

40235 Ijustatesigmund the Thaumaturge (level 13, -7/73 HPs)
             Began as a Deep Elf Necromancer on Aug 18, 2022.
             Was an Elder of Cheibriados.
             Mangled by a death yak (11 damage)
             ... on level 2 of the Lair of Beasts on Aug 19, 2022.
             The game lasted 01:18:34 (22271 turns).

Ijustatesigmund the Thaumaturge (DENe)             Turns: 22271, Time: 01:18:35

Health: -7/73      AC:  9    Str: 14    XL:     13   Next: 73%
Magic:  28/42      EV: 23    Int: 35    God:    Cheibriados [****..]
Gold:   760        SH:  6    Dex: 24    Spells: 16/40 levels left

rFire   + . .      SeeInvis .    c - +1 rapier (elec)
rCold   . . .      Faith    .    N - +0 buckler
rNeg    . . .      Spirit   .    r - +3 leather armour {rF+}
rPois   .          Reflect  .    (no helmet)
rElec   .          Harm     .    p - +0 cloak
rCorr   .          Rampage  .    (no gloves)
Will    +....                    A - +1 pair of boots
Stlth   ++++......               F - amulet of regeneration
HPRegen 1.02/turn                M - ring of magical power
MPRegen 0.28/turn                t - +4 ring of evasion

@: very slightly contaminated, very slow
A: no striking features
a: Renounce Religion, Bend Time, Temporal Distortion, Slouch


You were on level 2 of the Lair of Beasts.
You worshipped Cheibriados.
Cheibriados was greatly pleased with you.
You visited 2 branches of the dungeon, and saw 16 of its levels.

You collected 1030 gold pieces.
You spent 270 gold pieces at shops.

Inventory:

Hand Weapons
 c - a +1 rapier of electrocution (weapon)
 O - a +4 scimitar of flaming
Missiles
 C - 2 throwing nets
Armour
 p - a +0 cloak (worn)
 r - a +3 leather armour of fire resistance (worn)
 w - a +2 robe of cold resistance
 y - +0 acid dragon scales
 A - a +1 pair of boots (worn)
 G - a +0 troll leather armour
 N - a +0 buckler (worn)
Magical Staves
 Q - a staff of death
Jewellery
 a - a ring of willpower
 d - an amulet of magic regeneration
 i - a ring of ice
 t - a +4 ring of evasion (right hand)
 D - an amulet of the acrobat
 F - an amulet of regeneration (around neck)
 H - an amulet of reflection
 I - a ring of protection from cold
 K - the amulet of Elemental Vulnerability {rPois rF-- rC-- AC+8}
   (You found it on level 10 of the Dungeon)

   [amulet of nothing]

   AC:        It affects your AC (+8).
   rF:        It makes you very vulnerable to fire.
   rC:        It makes you very vulnerable to cold.
   rPois:     It protects you from poison.
 M - a ring of magical power (left hand)
Wands
 f - a wand of charming (2)
 m - a wand of roots (10)
 q - a wand of quicksilver (4)
 v - a wand of polymorph (8)
 E - a wand of flame (15)
Scrolls
 n - 2 scrolls of silence
 o - 2 scrolls of magic mapping
 z - 2 scrolls of immolation
 B - a scroll of butterflies
 J - 5 scrolls of identify
 R - a scroll of amnesia
Potions
 b - 3 potions of magic
 e - 3 potions of mutation
 g - 12 potions of curing
 h - 4 potions of brilliance
 j - 3 potions of resistance
 k - 3 potions of attraction
 l - a potion of cancellation
 u - a potion of might
 x - 2 potions of lignification


   Skills:
 - Level 5.6 Fighting
 - Level 4.2 Short Blades
 - Level 4.0 Armour
 - Level 9.2 Dodging
 - Level 9.0 Stealth
 - Level 3.6 Shields
 + Level 14.0 Spellcasting
 + Level 7.2 Conjurations
 - Level 10.6 Necromancy
 + Level 7.2 Fire Magic
 - Level 6.3 Earth Magic
 + Level 9.1 Invocations
 - Level 3.6 Evocations


You had 16 spell levels left.
You knew the following spells:

 Your Spells              Type           Power      Damage    Failure   Level
a - Necrotise             Necr           100%       1d9       1%          1
b - Vampiric Draining     Necr           78%        2d11      1%          3
c - Sublimation of Blood  Necr           78%        N/A       1%          2
d - Sticky Flame          Conj/Fire      66%        2d8       1%          4
e - Magic Dart            Conj           100%       1d8       1%          1
f - Stone Arrow           Conj/Erth      100%       3d13      1%          3
g - Dispel Undead         Necr           78%        3d26      1%          4
h - Starburst             Conj/Fire      33%        6d10      22%         6

Your spell library contained the following spells:

 Spells                   Type           Power      Damage    Failure   Level
 Static Discharge         Conj/Air       49%        3-10/arc  1%          2
 Conjure Flame            Conj/Fire      66%        6-21      1%          3
 Dazzling Flash           Conj/Hex       98%        N/A       1%          3
 Inner Flame              Hex/Fire       49%        N/A       1%          3
 Animate Dead             Necr           78%        N/A       1%          4
 Agony                    Necr           78%        N/A       1%          5
 Apportation              Tloc           48%        N/A       2%          1
 Ignite Poison            Fire/Tmut/Pois 41%        N/A       3%          3
 Mephitic Cloud           Conj/Pois/Air  41%        N/A       3%          3
 Anguish                  Hex/Necr       29%        N/A       3%          4
 Call Imp                 Summ           24%        N/A       4%          2
 Ensorcelled Hibernation  Hex/Ice        48%        N/A       4%          2
 Wereblood                Tmut           24%        N/A       4%          2
 Iskenderun's Mystic Bla  Conj/Tloc      49%        2d11      6%          4
 Leda's Liquefaction      Hex/Erth       23%        N/A       7%          4
 Call Canine Familiar     Summ           24%        N/A       8%          3
 Ozocubu's Armour         Ice            24%        N/A       8%          3
 Spider Form              Tmut/Pois      24%        N/A       8%          3
 Lightning Bolt           Conj/Air       24%        1d40      17%         5
 Airstrike                Air            12%        2d(2-18)  26%         4
 Cause Fear               Hex            12%        N/A       26%         4
 Summon Lightning Spire   Summ/Air       24%        N/A       26%         4
 Simulacrum               Ice/Necr       29%        N/A       41%         6
 Alistair's Intoxication  Tmut/Pois      16%        N/A       58%         5
 Metabolic Englaciation   Hex/Ice        12%        N/A       58%         5
 Summon Forest            Summ/Tloc      12%        N/A       58%         5
 Infestation              Necr           39%        N/A       92%         8
 Haunt                    Necr/Summ      29%        N/A       94%         7
 Eringya's Noxious Bog    Tmut/Pois      12%        N/A       99%         6
 Monstrous Menagerie      Summ           12%        N/A       100%        7
 Summon Hydra             Summ           12%        N/A       100%        7
 Discord                  Hex            12%        N/A       100%        8


Dungeon Overview and Level Annotations

Branches:
Dungeon (14/15)            Temple (0/1) D:7            Lair (2/5) D:9
    Orc (0/2) D:12
  Swamp: Lair:2-3    Shoals: Lair:2-3     Snake: Lair:2-3    Spider: Lair:2-3
 Vaults: D:13-14

Altars:
Cheibriados
Okawaru
Sif Muna
Vehumet
Xom

Shops:
D:4 *

Portals:
Trove: D:12 (give 15 scrolls of teleportation)

Annotations:
D:9 Amaemon


Message History

Okay, then.
Okay, then.
Casting: Stone Arrow (safe; 1% risk of failure)
Confirm with . or Enter, or press ? or * to list all spells.
The spell is quite dangerous to miscast (22% risk of failure)!
Continue anyway?
Casting: Starburst (quite dangerous; 22% risk of failure)
Press: ? - help, Dir - look around, f - activate You miscast Starburst.
You are very lightly contaminated with residual magic.
Flames sear your flesh. You resist.
* * * LOW HITPOINT WARNING * * *
The catoblepas bellows!
The yak bellows!
You block the death yak's attack. The death yak closely misses you.
Casting: Starburst (quite dangerous; 22% risk of failure)
Confirm with . or Enter, or press ? or * to list all spells.
You don't know that spell.
Unknown command.
Casting: Starburst (quite dangerous; 22% risk of failure)
Confirm with . or Enter, or press ? or * to list all spells.
The spell is quite dangerous to miscast (22% risk of failure)!
Continue anyway?
Casting: Starburst (quite dangerous; 22% risk of failure)
Press: ? - help, Dir - look around, f - activate The bolt of fire hits the death yak!!
The death yak is moderately wounded.
The bolt of fire hits the plant!!!
The plant begins to die.
The plant is lightly damaged.
The bolt of fire hits the catoblepas!!!
The catoblepas is heavily wounded.
The bolt of fire hits the death yak!!
The death yak is moderately wounded.
The bolt of fire hits the death yak!!
The death yak is heavily wounded.
The bolt of fire hits the death yak!!
The death yak is heavily wounded.
You hear a bellow!
The death yak gores you.
* * * LOW HITPOINT WARNING * * *
A yak comes into view.
The death yak misses you. The death yak gores you!
You die...

. ## .P.# ##.
P...##.#YP.#
...####...#......#
......#..........##
.......Y.PY..<...##.+##
..........#.....##.....#
#.$P.P...#.....## ..♣...
#..#.....##..Y## ......
......Y@Y#####. ..>..♣
../...YYYY..##.YY..[....
.......Y...Y#Y......♣...
....:......#Y....#.....#
..........##.Y♣..#.....#
P#######..#.....# ..♣.[.
##..#Y....# .....#
...#...#Y....# ....#
..............##.....


You could see 5 death yaks, a catoblepas and 6 yaks.

Vanquished Creatures
  3 vault guards
  Fannar (Lair:2)
  A great orb of eyes (D:11)
  2 hydras
  Erica (D:11)
  A centaur warrior (D:14)
  A tengu warrior (D:13)
  3 death yaks (Lair:2)
  Nergalle (D:12)
  4 skeletal warriors (D:11)
  A wizard (D:14)
  Pikel (D:7)
  An ugly thing (D:7)
  2 cyclopes
  5 elephants
  Joseph (D:7)
  A black mamba (Lair:1)
  A torpor snail (Lair:2)
  7 cane toads
  Maggie (D:6)
  An unseen horror (shapeshifter) (D:14)
  2 unseen horrors
  A rime drake (Lair:1)
  Psyche (D:8)
  3 kobold demonologists
  5 komodo dragons
  A meliai (shapeshifter) (D:12)
  7 trolls
  3 meliai (D:14)
  A hornet (Lair:2)
  Prince Ribbit (D:9)
  4 slime creatures (D:12)
  8 blink frogs (Lair:2)
  Sigmund (D:6)
  4 wyverns (Lair:2)
  2 wraiths
  A shadow (D:11)
  35 yaks
  3 basilisks
  5 humans (D:14)
  Eustachio (D:5)
  8 vampire mosquitoes
  Grum (D:11)
  3 steam dragons
  Menkaure (D:6)
  2 water moccasins
  2 acid dragons
  A sky beast (D:7)
  4 orc warriors
  A black bear (D:6)
  2 ogres (D:6)
  4 wolves (D:11)
  12 centaurs
  A phantom (D:5)
  4 kobold brigands
  7 bullfrogs
  2 necrophages (D:7)
  16 wights
  A killer bee (D:9)
  5 howler monkeys
  2 hounds
  4 jellies
  3 orc priests
  A gnoll bouda (D:8)
  14 orc wizards
  4 iguanas
  4 adders
  14 gnolls
  2 ufetubi
  3 worms
  6 dart slugs
  38 orcs
  5 bats
  7 endoplasms
  2 giant cockroaches
  12 goblins
  7 hobgoblins
  6 jackals
  6 quokkas
  2 ball pythons
  A frilled lizard (D:1)
  21 kobolds
  6 rats
376 creatures vanquished.

Vanquished Creatures (collateral kills)
  A yak (D:9)
  A wight (D:8)
  A hound (D:4)
  An orc wizard (D:11)
  A dart slug (D:1)
  4 endoplasms
  A goblin (D:4)
  A hobgoblin (D:3)
  A jackal (D:1)
  A rat (D:1)
13 creatures vanquished.

Vanquished Creatures (others)
  A vault guard (D:14)
  A two-headed ogre (D:9)
  2 yaks
  An orc warrior (D:9)
  An orc wizard (D:10)
  2 orcs (D:7)
  18 fungi
  14 plants (Lair:2)
40 creatures vanquished.

Grand Total: 429 creatures vanquished

Notes
Turn   | Place    | Note
-------+----------+-------------------------------------------
     0 | D:1      | Ijustatesigmund the Deep Elf Necromancer began the quest
                  | for the Orb.
     0 | D:1      | Reached XP level 1. HP: 10/10 MP: 6/6
    52 | D:1      | Reached skill level 5 in Necromancy
    61 | D:1      | Reached XP level 2. HP: 15/15 MP: 1/8
   348 | D:1      | Reached skill level 4 in Spellcasting
   348 | D:1      | Reached XP level 3. HP: 19/19 MP: 4/10
   366 | D:1      | Learned a level 3 spell: Vampiric Draining
  1097 | D:2      | Found a faded altar of an unknown god.
  1256 | D:2      | Reached XP level 4. HP: 24/24 MP: 9/12
  1935 | D:2      | Reached skill level 1 in Short Blades
  2728 | D:3      | Reached skill level 1 in Fighting
  3479 | D:4      | Found Gyjara's Elemental Accessories.
  3495 | D:4      | Learned a level 2 spell: Sublimation of Blood
  3535 | D:4      | Reached XP level 5. HP: 29/29 MP: 12/14
  3731 | D:4      | Reached skill level 5 in Spellcasting
  4412 | D:4      | Reached XP level 6. HP: 17/35 MP: 10/16
  4707 | D:5      | Entered Level 5 of the Dungeon
  4808 | D:5      | Noticed Eustachio
  4813 | D:5      | Killed Eustachio
  4814 | D:5      | Reached skill level 6 in Spellcasting
  4814 | D:5      | Reached XP level 7. HP: 40/40 MP: 12/18
  5296 | D:5      | Reached skill level 1 in Armour
  5345 | D:5      | Found a radiant altar of Vehumet.
  5762 | D:6      | Noticed Menkaure
  5855 | D:6      | Killed Menkaure
  5856 | D:6      | Reached skill level 7 in Spellcasting
  6008 | D:6      | Noticed a komodo dragon
  6013 | D:6      | Reached XP level 8. HP: 44/44 MP: 19/21
  6014 | D:6      | Killed a komodo dragon
  6015 | D:6      | Reached skill level 8 in Spellcasting
  6837 | D:6      | Noticed Maggie
  6845 | D:6      | Killed Maggie
  6846 | D:6      | Reached skill level 9 in Spellcasting
  6952 | D:6      | Noticed Sigmund
  6961 | D:6      | Killed Sigmund
  6962 | D:6      | Reached XP level 9. HP: 49/49 MP: 11/24
  7152 | D:6      | Found a snail-covered altar of Cheibriados.
  7443 | D:7      | Noticed Pikel
  7450 | D:7      | Killed Pikel
  7720 | D:7      | Reached skill level 10 in Necromancy
  7851 | D:7      | Noticed Joseph
  7861 | D:7      | Killed Joseph
  7862 | D:7      | Reached skill level 10 in Spellcasting
  7993 | D:7      | Learned a level 4 spell: Sticky Flame
  8125 | D:7      | Reached skill level 1 in Conjurations
  8125 | D:7      | Reached skill level 1 in Fire Magic
  8224 | D:7      | Found a staircase to the Ecumenical Temple.
  8352 | D:7      | Learned a level 1 spell: Magic Dart
  8472 | D:7      | Noticed a cyclops
  8484 | D:7      | Killed a cyclops
  8683 | D:7      | Noticed a cyan ugly thing
  8722 | D:7      | Killed a cyan ugly thing
  8723 | D:7      | Reached XP level 10. HP: 56/56 MP: 9/26
  9092 | D:6      | Became a worshipper of Cheibriados the Contemplative
  9169 | D:8      | Reached skill level 1 in Invocations
  9282 | D:8      | Noticed Psyche
  9290 | D:8      | Killed Psyche
  9532 | D:8      | Reached * piety under Cheibriados
  9533 | D:8      | Reached skill level 5 in Conjurations
  9734 | D:8      | Reached skill level 5 in Fire Magic
 10152 | D:8      | Identified the +0 scale mail "Boquzosch" {rElec rC+ rN+}
 10557 | D:8      | Got the Quarto of Command and the Geologist
 10613 | D:8      | Learned a level 3 spell: Stone Arrow
 10642 | D:9      | Noticed an orange demon
 10686 | D:9      | Upgraded the game from 0.29-a0-1061-gbc57f8fbdb to
                  | 0.30-a0-1-g69b7b797bf
 10827 | D:9      | Noticed Prince Ribbit
 10838 | D:9      | Killed Prince Ribbit
 10839 | D:9      | Reached skill level 1 in Earth Magic
 10938 | D:9      | Reached ** piety under Cheibriados
 10949 | D:9      | Identified the +4 war axe of the Dead {vorpal, rCorr
                  | Stlth+}
 11205 | D:9      | Reached skill level 11 in Spellcasting
 11335 | D:9      | Found a shimmering altar of Xom.
 11335 | D:9      | Noticed a two-headed ogre
 11340 | D:9      | Killed a two-headed ogre
 11355 | D:9      | Reached skill level 5 in Invocations
 11616 | D:9      | Reached XP level 11. HP: 29/61 MP: 4/28
 11699 | D:9      | Noticed Amaemon
 11913 | D:9      | Found a staircase to the Lair.
 11936 | Lair:1   | Entered Level 1 of the Lair of Beasts
 12060 | Lair:1   | Learned a level 4 spell: Dispel Undead
 12344 | Lair:1   | Reached skill level 5 in Earth Magic
 12357 | Lair:1   | Reached skill level 12 in Spellcasting
 12357 | Lair:1   | Reached skill level 1 in Evocations
 12987 | Lair:1   | Noticed a six-headed hydra
 13015 | Lair:1   | Killed a six-headed hydra
 13123 | Lair:1   | Reached *** piety under Cheibriados
 13485 | Lair:2   | Noticed a catoblepas
 14417 | D:9      | Found Guownuw's Magic Scroll Shop.
 14425 | D:9      | Bought a scroll of identify for 20 gold pieces
 14425 | D:9      | Bought a scroll of identify for 20 gold pieces
 14425 | D:9      | Bought a scroll of blinking for 75 gold pieces
 14425 | D:9      | Bought a scroll of teleportation for 30 gold pieces
 14425 | D:9      | Bought a scroll of enchant armour for 75 gold pieces
 14425 | D:9      | Bought a scroll of identify for 20 gold pieces
 14425 | D:9      | Bought a scroll of teleportation for 30 gold pieces
 14471 | D:10     | Entered Level 10 of the Dungeon
 14484 | D:10     | Found the amulet of Elemental Vulnerability {rPois rF--
                  | rC-- AC+8}
 14547 | D:10     | Found an iron altar of Okawaru.
 15090 | D:10     | Reached skill level 5 in Dodging
 15249 | D:10     | Reached **** piety under Cheibriados
 15260 | D:10     | Found a shimmering blue altar of Sif Muna.
 16009 | D:11     | Noticed a boulder beetle
 16013 | D:11     | Noticed a great orb of eyes
 16013 | D:11     | a boulder beetle changed into a great orb of eyes
 16018 | D:11     | Killed a great orb of eyes
 16019 | D:11     | Reached XP level 12. HP: 59/67 MP: 12/30
 16115 | D:11     | Reached skill level 5 in Stealth
 16232 | D:11     | Noticed Grum
 16250 | D:11     | Killed Grum
 16460 | D:11     | Noticed Erica
 16470 | D:11     | Killed Erica
 16606 | D:11     | Noticed a five-headed hydra
 16610 | D:11     | Killed a five-headed hydra
 17456 | D:12     | Reached skill level 5 in Fighting
 17810 | D:12     | Noticed Nergalle
 17829 | D:12     | Killed Nergalle
 18034 | D:12     | Found a staircase to the Orcish Mines.
 18552 | D:12     | Noticed a vault guard
 18555 | D:12     | Killed a vault guard
 18558 | D:12     | Found a portal to a secret trove of treasure.
 18897 | D:13     | Noticed a tengu warrior
 18907 | D:13     | Killed a tengu warrior
 18908 | D:13     | Reached skill level 13 in Spellcasting
 19305 | D:13     | Reached XP level 13. HP: 73/73 MP: 32/32
 19377 | D:13     | Reached skill level 1 in Shields
 20455 | D:14     | Identified a scroll of acquirement
 20532 | D:14     | Identified the +6 glaive "Cuasipte" {vorpal, rPois MP+9
                  | Int+3}
 20541 | D:14     | Acquired a staff of death
 21177 | Lair:2   | Learned a level 6 spell: Starburst
 21235 | Lair:2   | Noticed Fannar
 21331 | Lair:2   | Killed Fannar
 21754 | Lair:2   | Reached skill level 14 in Spellcasting
 22271 | Lair:2   | Mangled by a death yak

Illustrated notes

Levels and vault maps discovered:
D:1:      dpeg_arrival_tiny_a, layout_rooms, minmay_misc_feat_more_columns
D:2:      layout_rooms, hellmonk_ecumenical_altar_arch_garden,
          serial_co_window_serial, co_window_of_opportunity_a,
          co_window_paths_a, co_window_paths_a, co_window_paths_a,
          co_window_corner_a, co_window_corner_b, co_window_corner_b,
          co_window_cross_3, co_window_corner_b, co_window_unsneaky_path_c,
          co_window_2corner, co_window_unsneaky_path_b, glass_columns_a,
          minmay_tree_intersection, minmay_cupped
D:3:      layout_basic, minmay_randomly_rotated_circles
D:4:      layout_basic, nicolae_elemental_shop, cheibrodos_gnoll_hut
D:5:      layout_basic, vehumet_crystals, uniq_eustachio
D:6:      layout_loops_ring, kennysheep_slug_shrine,
          minmay_a_box_with_orc_wizards_in_it, uniq_menkaure, uniq_maggie,
          uniq_sigmund
D:7:      layout_loops_cross, minmay_temple_entry_sparse_star, serial_rivers,
          chequers_serial_rivers_micro_e, chequers_serial_rivers_micro_c,
          chequers_serial_rivers_small_b, chequers_serial_rivers_room_b,
          chequers_serial_rivers_small_a, minmay_three_doors, uniq_pikel,
          uniq_joseph
D:8:      layout_basic, grunt_ministairs_3, uniq_psyche
D:9:      layout_stronghold, xom_confusion_cloud, lair_entry_dummy,
          serial_shops, shop_scrolls, minmay_misc_feat_columns, uniq_amaemon,
          uniq_prince_ribbit1
D:10:     layout_stronghold, okawaru_trees_2, pf_just_have_faith,
          corexii_hall_statues_i
D:11:     layout_irregular_city, uniq_grum, uniq_erica
D:12:     layout_long_grid, orc_0_dummy, enter_trove_5, uniq_nergalle
D:13:     layout_stronghold
D:14:     layout_layer_cave, ximxim_vaults_locker_room, corexii_leaking_fountain
Lair:1:   layout_regular_city
Lair:2:   layout_regular_city, grunt_megastairs_3, uniq_fannar

Skill      XL: |  1  2  3  4  5  6  7  8  9 10 11 12 13 |
---------------+----------------------------------------+-----
Necromancy     | 5 6 7 8 9 10 | 10.6
Spellcasting   | 4 5 6 7 9 10 11 12 13 14 | 14.0
Short Blades   | 1 2 4 |  4.2
Fighting       | 1 2 4 5 |  5.6
Armour         | 2 4 |  4.0
Dodging        | 4 6 9 |  9.2
Conjurations   | 4 5 7 |  7.2
Fire Magic     | 4 5 7 |  7.2
Invocations    | 5 7 9 |  9.1
Earth Magic    | 4 6 |  6.3
Evocations     | 3 |  3.6
Stealth        | 4 9 |  9.0
Shields        | 3 |  3.6

Action                   |  1- 3 |  4- 6 |  7- 9 | 10-12 | 13-15 || total
-------------------------+-------+-------+-------+-------+-------++-------
Melee: Dagger            |     8 |    17 |       |       |       ||    25
       Short sword       |       |    16 |       |       |       ||    16
       Rapier            |       |       |    77 |   174 |   133 ||   384
       Punch             |       |       |       |     5 |       ||     5
 Cast: Necrotise         |    68 |    66 |    77 |    66 |     1 ||   278
       Vampiric Draining |       |     6 |    56 |   162 |    67 ||   291
       Sublimation of Bl |       |     1 |       |     9 |     1 ||    11
       Magic Dart        |       |       |    14 |    37 |       ||    51
       Sticky Flame      |       |       |     1 |    15 |     7 ||    23
       Stone Arrow       |       |       |       |   114 |    22 ||   136
       Dispel Undead     |       |       |       |    13 |     2 ||    15
       Starburst         |       |       |       |       |     1 ||     1
Invok: Bend Time         |       |       |       |     1 |     1 ||     2
       Slouch            |       |       |       |     3 |     4 ||     7
Evoke: Wand              |       |     5 |     6 |    18 |     7 ||    36
  Use: Scroll            |     3 |     5 |     5 |    14 |    10 ||    37
       Potion            |       |       |     2 |     2 |     5 ||     9
 Stab: Sleeping          |       |     3 |       |     7 |     7 ||    17
Armor: Robe              |     3 |    12 |     5 |       |       ||    20
       Leather armour    |       |       |    30 |    84 |    34 ||   148
Dodge: Dodged            |    23 |    55 |    82 |   424 |   221 ||   805
Block: Buckler           |       |       |       |       |    77 ||    77

Table legend: (Time is in decaauts)
 A = Elapsed time spent in this place.
 B = Non-inter-level travel time spent in this place.
 C = Inter-level travel time spent in this place.
 D = Time resting spent in this place.
 E = Time spent auto-exploring this place.
 F = Levels seen in this place.
 G = Mean time per level.
                   A        B        C        D        E       F      G
               +--------+--------+--------+--------+--------+-----+--------+
         Total |  26182 |  25230 |    952 |   6824 |  14823 |  16 | 1636.4 |
       Dungeon |  22529 |  21709 |    820 |   5618 |  13203 |  14 | 1609.2 |
          Lair |   3652 |   3520 |    132 |   1205 |   1620 |   2 | 1826.0 |
               +--------+--------+--------+--------+--------+-----+--------+

Top non-repeatable levels by time:
     D:9: 2320 daAuts
  Lair:1: 2267 daAuts
    D:10: 2090 daAuts
    D:12: 2036 daAuts
     D:7: 1882 daAuts
     D:8: 1865 daAuts
    D:11: 1858 daAuts
    D:13: 1624 daAuts
    D:14: 1546 daAuts
     D:6: 1478 daAuts
  Lair:2: 1384 daAuts
     D:3: 1349 daAuts
     D:4: 1329 daAuts
     D:2: 1152 daAuts
     D:5: 1123 daAuts
